 Dungeon Crawl Stone Soup version 0.24.0-1-gfbc8707 (webtiles) character file.

Game seed: 12473731783889524677, levelgen mode: deterministic

1091 Buxparty the Covert (level 8, -2/55 HPs)
             Began as a Spriggan Assassin on Jan 1, 2020.
             Killed from afar by an orc wizard (4 damage)
             ... with a puff of flame
             ... on level 6 of the Dungeon.
             The game lasted 00:25:49 (6758 turns).

Buxparty the Covert (Spriggan Assassin)             Turns: 6758, Time: 00:25:49

Health: -2/55      AC: 24    Str: 12    XL:     8   Next: 9%
Magic:  9/9        EV:  4    Int: 13    God:
Gold:   366        SH:  0    Dex: 25    Spells: 7/7 levels left

rFire    . . .     SeeInvis +   a - +8 dagger "Goblinbane" {pierce, rN+ Str+3 Dex+3}
rCold    . . .     Gourm    .   (shield restricted)
rNeg     + + +     Faith    .   (armour currently unavailable)
rPois    +         Spirit   .   (helmet currently unavailable)
rElec    .         Reflect  .   (cloak currently unavailable)
rCorr    .         Harm     .   (gloves unavailable)
MR       +....     NoTele   +   (boots unavailable)
Stlth    ++++++....             (no amulet)
HPRegen  0.18/turn              (no ring)
MPRegen  0.11/turn              (no ring)

@: agile, tree-form
A: very small, unfitting armour, see invisible, herbivore, slow metabolism 2
a: no special abilities


You were on level 6 of the Dungeon.
You were full.
You were a tree.
You visited 1 branch of the dungeon, and saw 6 of its levels.

You collected 366 gold pieces.

Inventory:

Hand Weapons
 a - the +8 dagger "Goblinbane" (weapon) {pierce, rN+ Str+3 Dex+3}
   (You found it on level 4 of the Dungeon)

   It inflicts extra damage upon your enemies.
   It affects your strength (+3).
   It affects your dexterity (+3).
   It protects you from negative energy.
 b - a +0 hunting sling
 w - the cursed +2 shortbow of Dissent {venom, Int+4}
   (You found it on level 5 of the Dungeon)

   It poisons the ammo it fires.
   It affects your intelligence (+4).
   It has a curse placed upon it.
Missiles
 d - 29 poisoned darts (quivered)
 e - 2 curare-tipped darts
 q - 22 sling bullets
Armour
 c - a +0 cloak (melded)
 j - a +0 robe (melded)
Wands
 r - a wand of random effects (43)
 t - a wand of paralysis (8)
 x - a wand of flame (22)
Scrolls
 k - 5 scrolls of identify
 o - 2 scrolls of teleportation
 s - a scroll of enchant armour {unknown}
Potions
 g - 3 potions of agility
 h - a potion of lignification
 i - a potion of brilliance {unknown}
 l - 2 potions of flight {unknown}
 n - a potion of heal wounds {unknown}
 p - a potion of berserk rage {unknown}
 u - a potion of curing
 v - a potion of might {unknown}
Comestibles
 f - 6 rations


   Skills:
 - Level 1.5 Fighting
 * Level 6.9 Short Blades
 + Level 4.1(4.4) Slings
 - Level 2.0(3.0) Throwing
 + Level 6.5 Dodging
 + Level 9.2 Stealth


You had 7 spell levels left.
You didn't know any spells.
Your spell library was empty.

Dungeon Overview and Level Annotations

Branches:
Dungeon (6/15)
 Temple: D:4-7

Altars:
Ashenzari
Nemelex Xobeh
Qazlal
Ru
Xom


Innate Abilities, Weirdness & Mutations

You are very small and have problems with some larger weapons.
You are too small for most types of armour.
You have supernaturally acute eyesight. (SInv)
You are a herbivore.
((You cover ground extremely quickly.))
You need to consume almost no food.


Message History

The orc wizard points at you and mumbles some strange words.
The puff of flame hits you.
The crimson imp blinks!
The centaur shoots an arrow.
The arrow misses you.
The orc wizard gestures at you while chanting.
The magic dart hits you!
* * * LOW HITPOINT WARNING * * *
It was a potion of lignification.
You turn into a tree.
Your +0 cloak melds into your body.
Your +0 robe melds into your body.
Your roots penetrate the ground.
The centaur shoots an arrow.
The arrow hits you but does no damage.
The orc wizard gestures at you while chanting.
The puff of frost hits you.
* * * LOW HITPOINT WARNING * * *
Okay, then.
The centaur shoots an arrow.
The arrow completely misses you.
The centaur shoots an arrow.
The arrow completely misses you.
The centaur shoots an arrow.
The arrow hits you but does no damage.
The orc wizard points at you and mumbles some strange words.
The puff of flame hits you.
You die...

**************
*,,,,,,,,,,,,,
######**,************
#....,,,,* ***,,,,,*
#...#***** *,,,,,,,*
##...#### *,,.,,,,*
#.......#####...,,,,*
#.>........5....,,,,*
#((..♣.o..#####,,,,,**
#......c........,,,,,,
#......)).######****,*
#..(....### ##########
######### #.........
#.........
############......##.
#..........'.......##
##########.#########(.....##


You could see a centaur, an orc wizard and a crimson imp.

Vanquished Creatures
  Menkaure (D:4)
  A water moccasin (D:6)
  An orc warrior (D:6)
  An ice beast (D:5)
  An ogre (D:4)
  2 scorpions
  A centaur zombie (D:5)
  A crimson imp (D:5)
  2 orc priests
  A centaur skeleton (D:4)
  An orc wizard (D:6)
  Natasha (thrice) (D:2)
  A worker ant (D:4)
  A howler monkey zombie (D:6)
  Robin (D:3)
  3 gnolls (D:4)
  3 adders
  2 adder skeletons
  2 worms (D:3)
  2 dart slugs (D:1)
  4 leopard geckos
  17 orcs
  A ball python (D:2)
  2 giant cockroaches
  14 goblins
  18 hobgoblins
  5 jackals
  2 quokkas
  5 bats
  8 frilled lizards
  3 kobolds
  7 rats
  A butterfly (D:3)
118 creatures vanquished.

Notes
Turn   | Place    | Note
-------+----------+-------------------------------------------
     0 | D:1      | Buxparty the Spriggan Assassin began the quest for the Orb.
     0 | D:1      | Reached XP level 1. HP: 10/10 MP: 2/2
   190 | D:1      | Reached skill level 6 in Stealth
   203 | D:1      | Reached XP level 2. HP: 2/14 MP: 3/3
  1573 | D:1      | Reached XP level 3. HP: 8/18 MP: 4/4
  1600 | D:2      | Noticed Natasha
  1609 | D:2      | Killed Natasha
  1622 | D:2      | Noticed Natasha
  2031 | D:2      | Killed Natasha
  2031 | D:2      | Reached skill level 7 in Stealth
  2031 | D:2      | Reached XP level 4. HP: 18/22 MP: 5/5
  2105 | D:2      | Noticed a fire elemental
  2108 | D:2      | Noticed a water elemental
  2109 | D:2      | Found a stormy altar of Qazlal.
  2129 | D:2      | Noticed an air elemental
  2143 | D:2      | Noticed an earth elemental
  2280 | D:2      | Noticed Natasha
  2288 | D:2      | Killed Natasha
  2435 | D:3      | Found a shimmering altar of Xom.
  3270 | D:3      | Reached XP level 5. HP: 18/25 MP: 6/6
  3472 | D:3      | Reached skill level 1 in Slings
  3684 | D:3      | Found a sparkling altar of Nemelex Xobeh.
  3717 | D:3      | Noticed Robin
  3793 | D:3      | Killed Robin
  4119 | D:4      | Reached XP level 6. HP: 27/30 MP: 7/7
  4727 | D:4      | Reached skill level 5 in Short Blades
  4727 | D:4      | Reached skill level 5 in Dodging
  4727 | D:4      | Reached skill level 8 in Stealth
  4947 | D:4      | Found a shattered altar of Ashenzari.
  5210 | D:4      | Noticed Menkaure
  5217 | D:4      | Got a faintly glowing dagger
  5218 | D:4      | Identified the +8 dagger "Goblinbane" {pierce, rN+ Str+3
                  | Dex+3} (You found it on level 4 of the Dungeon)
  5232 | D:4      | Killed Menkaure
  5232 | D:4      | Reached XP level 7. HP: 33/33 MP: 8/8
  5558 | D:5      | Entered Level 5 of the Dungeon
  5956 | D:5      | Got a faintly glowing shortbow
  5957 | D:5      | Identified the cursed +2 shortbow of Dissent {venom, Int+4}
                  | (You found it on level 5 of the Dungeon)
  6078 | D:5      | Found a sacrificial altar of Ru.
  6729 | D:6      | Reached skill level 9 in Stealth
  6748 | D:6      | Reached XP level 8. HP: 25/37 MP: 9/9
  6755 | D:6      | HP: 1/55 [orc wizard/puff of frost (5)]
  6758 | D:6      | Killed from afar by an orc wizard

Levels and vault maps discovered:
D:1:      sevenhm_arrival_forest_fort_small_6, layout_basic
D:2:      layout_rooms, nicolae_qazlal_style_of_elements, first_ration,
          minivault_25, uniq_natasha
D:3:      layout_loops_cross, nemelex_xobeh_ov_fountains_minmay,
          xom_butterflies, uniq_robin
D:4:      layout_loops_corners, evilmike_ruin_ashenzari, uniq_menkaure
D:5:      layout_basic, minmay_misc_feat_tiny, corexii_item_surrounded_by_moat,
          nicolae_ru_sacrificial_ziggurat
D:6:      layout_basic, serial_curves, eino_curves_04, eino_curves_03,
          grunt_decor_mini_mirrors

Skill      XL: |  1  2  3  4  5  6  7 |
---------------+----------------------+-----
Dodging        | 2 3 4 5 6 |  6.5
Stealth        | 6 7 8 9 |  9.2
Short Blades   | 3 4 5 6 |  6.9
Slings         | 1 2 4 |  4.1
Fighting       | |  1.5
Throwing       | |  2.0

Action                   |  1- 3 |  4- 6 |  7- 9 || total
-------------------------+-------+-------+-------++-------
Melee: Dagger            |    77 |   194 |    54 ||   325
 Fire: Hunting sling     |       |    75 |     9 ||    84
Throw: Dart              |    33 |    40 |    18 ||    91
  Use: Scroll            |       |       |     3 ||     3
       Potion            |       |       |     3 ||     3
 Stab: Sleeping          |     5 |    12 |     5 ||    22
  Eat: Ration            |     2 |     2 |       ||     4
Armor: Robe              |     9 |     9 |       ||    18
       Skin              |       |       |     2 ||     2
Dodge: Dodged            |    75 |   129 |    38 ||   242
